 Dungeon Crawl Stone Soup version 0.28.0-49-g6dfe1f597d (webtiles) character file.

Game seed: 16170806286132542882

1622 nickcage the Slicer (level 8, -2/54 (56) HPs)
             Began as a Merfolk Gladiator on May 17, 2022.
             Was a Priest of Qazlal.
             Slain by Joseph
             ... wielding a +1 quarterstaff of draining
              (9 damage)
             ... on level 7 of the Dungeon.
             The game lasted 00:12:15 (5333 turns).

nickcage the Slicer (Merfolk Gladiator)             Turns: 5333, Time: 00:12:16

HP:   -2/54 (56)    AC: 13    Str: 23    XL:     8   Next: 96%
MP:   8/8           EV: 13    Int:  7    God:    Qazlal [***...]
Gold: 303           SH:  4    Dex: 15    Spells: 7/7 levels left

rFire   . . .      SeeInvis .   j - +7 dagger of Untimely Demise {flame, rElec}
rCold   . . .      Faith    .   (no shield)
rNeg    . . .      Spirit   .   r - +0 chain mail
rPois   .          Reflect  .   c - +2 helmet
rElec   +          Harm     .   (no cloak)
rCorr   .          Rampage  .   e - +0 pair of gloves
Will    .....                   s - +0 pair of boots
Stlth   ..........              (no amulet)
HPRegen 0.18/turn               h - +4 ring of evasion
MPRegen 0.11/turn               m - +6 ring of strength

@: lightly drained
A: (nimble swimmer 2), mertail
a: Renounce Religion, Upheaval, Elemental Force


You were on level 7 of the Dungeon.
You worshipped Qazlal.
Qazlal was most pleased with you.
You visited 1 branch of the dungeon, and saw 7 of its levels.

You collected 303 gold pieces.

Inventory:

Hand Weapons
 a - a +0 trident
 j - the +7 dagger of Untimely Demise (weapon) {flame, rElec}
   (You found it on level 2 of the Dungeon)

   It burns those it strikes, dealing additional fire damage.
   rElec:     It insulates you from electricity.
Missiles
 d - 2 throwing nets
 q - 3 poisoned darts (quivered)
Armour
 b - a +0 leather armour
 c - a +2 helmet (worn)
 e - a +0 pair of gloves (worn)
 k - a +0 ring mail
 r - a +0 chain mail (worn)
 s - a +0 pair of boots (worn)
 v - an orb of light
Jewellery
 g - a +6 ring of intelligence
 h - a +4 ring of evasion (left hand)
 m - a +6 ring of strength (right hand)
Wands
 t - a wand of mindburst (7)
 w - a wand of paralysis (5)
Scrolls
 f - a scroll of identify
 n - a scroll of enchant armour
 x - a scroll of immolation {unknown}
Potions
 i - a potion of magic
 l - 3 potions of degeneration
 o - a potion of flight {unknown}
 p - 2 potions of brilliance {unknown}
 z - a potion of might {unknown}


   Skills:
 - Level 2.1 Fighting
 * Level 12.3 Short Blades
 - Level 6.3 Polearms
 - Level 2.0 Throwing
 - Level 4.0 Dodging
 - Level 1.0 Shields


You had 7 spell levels left.
You didn't know any spells.
Your spell library contained the following spells:

 Spells                   Type           Power      Damage    Failure   Level
 Beastly Appendage        Tmut           0%         N/A       99%         1
 Wereblood                Tmut           0%         N/A       100%        2
 Spider Form              Tmut/Pois      0%         N/A       100%        3
 Tukima's Dance           Hex            0%         N/A       100%        3
 Passage of Golubria      Tloc           0%         N/A       100%        4
 Yara's Violent Unravell  Hex/Tmut       0%         3d3       100%        5


Dungeon Overview and Level Annotations

Branches:
Dungeon (7/15)             Temple (0/1) D:4

Altars:
Dithmenos
Fedhas
Kikubaaqudgha
Nemelex Xobeh
Okawaru
Qazlal
Uskayaw
Zin

Shops:
D:6 *

Annotations:
D:5 2 transporters
D:7 Joseph


Innate Abilities, Weirdness & Mutations

((You are very nimble when in or above water. (Stealth+, EV+, Speed+++)))
Your lower body shifts to a powerful aquatic tail in water.


Message History

The arrow hits you!
Joseph shoots a sling bullet.
The sling bullet hits you!
The centaur shoots an arrow.
You block the arrow.
Joseph unwields a +0 hunting sling.
Joseph wields a +1 quarterstaff of draining.
You sense an unholy aura.
Joseph hits you but does no damage.
You feel drained.
The centaur shoots an arrow.
The arrow hits you but does no damage. Joseph misses you.
You hit Joseph but do no damage. You puncture Joseph! You burn Joseph.
Joseph is lightly wounded.
Joseph barely misses you.
You hit Joseph. You burn Joseph.
Joseph is moderately wounded.
You puncture Joseph! You burn Joseph.
Joseph is heavily wounded.
Joseph says, "It's nothing personal, but I have to kill you."
Joseph hits you with a +1 quarterstaff of draining!
You feel drained.
You barely miss the centaur.
The centaur unwields a +0 shortbow.
The centaur hits you but does no damage.
The centaur kicks you but does no damage.
You barely miss the centaur.
Joseph hits you with a +1 quarterstaff of draining!
* * * LOW HITPOINT WARNING * * *
You feel drained. You block the centaur's attack.
The centaur barely misses you.
You puncture the centaur! You burn the centaur.
The centaur is heavily wounded.
You puncture the centaur! You burn the centaur.
The centaur is almost dead.
The centaur hits you but does no damage.
The centaur closely misses you. Joseph hits you but does no damage.
You feel drained.
You puncture the centaur! You burn the centaur.
You kill the centaur!
Qazlal accepts your kill.
You hit Joseph. You burn Joseph.
Joseph is heavily wounded.
Joseph hits you with a +1 quarterstaff of draining!
You die...

.. ......###....####
#####..##.........
##.#.......##. . ####
#.........#
..#...#######........#
....................##
........#######.....#
......).# .......#
......@@# .......#
.......## .......#
..#...# .....## # ####
..##


You could see Joseph.

Vanquished Creatures
  Sigmund (D:2)
  A sky beast (D:7)
  An ice beast (D:6)
  A black bear (D:6)
  4 ogres
  A centaur (D:7)
  Blork the orc (D:6)
  A kobold brigand (D:6)
  A wyvern skeleton (D:6)
  A water moccasin zombie (D:6)
  An electric eel (D:6)
  A howler monkey (D:6)
  An orc priest (D:4)
  3 centaur skeletons
  2 iguanas
  An orc wizard (D:3)
  A scorpion zombie (D:5)
  A hound zombie (D:5)
  7 gnolls (D:6)
  7 adders
  2 ufetubi (D:4)
  An adder skeleton (D:3)
  2 worms
  5 dart slugs
  8 orcs
  5 ball pythons
  3 bats
  7 endoplasms
  2 giant cockroaches
  2 hobgoblins
  5 quokkas
  3 ball python zombies (D:3)
  3 frilled lizards
  6 goblins
  9 kobolds
  3 rats
104 creatures vanquished.

Notes
Turn   | Place    | Note
-------+----------+-------------------------------------------
     0 | D:1      | nickcage the Merfolk Gladiator began the quest for the Orb.
     0 | D:1      | Reached XP level 1. HP: 16/16 MP: 1/1
    76 | D:1      | Found a faded altar of an unknown god.
    84 | D:1      | Reached skill level 5 in Polearms
    90 | D:1      | Reached XP level 2. HP: 21/22 MP: 2/2
    94 | D:1      | Prayed at the altar of an unknown god.
    94 | D:1      | Became a worshipper of Qazlal Stormbringer
    94 | D:1      | Reached * piety under Qazlal
  1003 | D:2      | Reached XP level 3. HP: 11/27 MP: 3/3
  1357 | D:2      | Identified the +7 dagger of Untimely Demise {flame, rElec}
  1453 | D:2      | Noticed Sigmund
  1464 | D:2      | Killed Sigmund
  1465 | D:2      | Reached skill level 4 in Short Blades
  1465 | D:2      | Reached XP level 4. HP: 30/33 MP: 4/4
  1465 | D:2      | Reached XP level 5. HP: 34/38 MP: 5/5
  1550 | D:2      | You fall into a shaft and drop 2 floors!
  1558 | D:4      | Reached skill level 5 in Short Blades
  1564 | D:4      | Reached XP level 6. HP: 44/44 MP: 6/6
  1625 | D:4      | Reached ** piety under Qazlal
  1638 | D:4      | Found a staircase to the Ecumenical Temple.
  1866 | D:3      | Reached skill level 6 in Short Blades
  2914 | D:4      | Reached skill level 1 in Shields
  2918 | D:4      | Reached skill level 7 in Short Blades
  2918 | D:4      | Reached XP level 7. HP: 17/50 MP: 7/7
  3444 | D:5      | Entered Level 5 of the Dungeon
  3522 | D:5      | Found a transporter.
  3603 | D:5      | Found a transporter.
  4077 | D:6      | Noticed Blork the orc
  4093 | D:6      | Killed Blork the orc
  4094 | D:6      | Reached skill level 8 in Short Blades
  4136 | D:6      | Found Yfoelapn's Mass Market.
  4334 | D:6      | Reached skill level 9 in Short Blades
  4431 | D:6      | Reached XP level 8. HP: 44/56 MP: 8/8
  4514 | D:6      | Reached *** piety under Qazlal
  4515 | D:6      | Reached skill level 10 in Short Blades
  4664 | D:6      | Found an iron altar of Okawaru.
  4905 | D:6      | Found a hide-covered altar of Uskayaw.
  4965 | D:6      | Found a sparkling altar of Nemelex Xobeh.
  4969 | D:6      | Found a blossoming altar of Fedhas.
  4973 | D:6      | Found an ancient bone altar of Kikubaaqudgha.
  4975 | D:6      | Found a stormy altar of Qazlal.
  4977 | D:6      | Found a shadowy altar of Dithmenos.
  4980 | D:6      | Found a glowing silver altar of Zin.
  4985 | D:6      | Reached skill level 11 in Short Blades
  5242 | D:7      | Reached skill level 12 in Short Blades
  5319 | D:7      | Noticed Joseph
  5333 | D:7      | Slain by Joseph

Illustrated notes

Levels and vault maps discovered:
D:1:      lemuel_arrival_room, layout_basic,
          hellmonk_ecumenical_altar_pennies_from_heaven
D:2:      layout_basic, uniq_sigmund
D:3:      layout_basic, serial_undead, serial_undead_d, serial_undead_c,
          serial_undead_a, serial_undead_f, kennysheep_generic_room_9
D:4:      layout_gridville, temple_pool_b, minmay_cupped
D:5:      gammafunk_steamed_eel, layout_loops_ring, lemuel_flamethrower_2
D:6:      layout_loops_cross, okawaru_altar_gauntlet_db, minitemple,
          kennysheep_diamond, minmay_shop_mass, kennysheep_generic_room_16,
          uniq_blork_the_orc
D:7:      layout_rooms, uniq_menkaure, uniq_joseph, uniq_duvessa

Skill      XL: |  1  2  3  4  5  6  7  8 |
---------------+-------------------------+-----
Polearms       | 5 6 |  6.3
Short Blades   | 4 5 7 9 12 | 12.3
Shields        | 1 |  1.0
Fighting       | |  2.1
Throwing       | |  2.0
Dodging        | |  4.0

Action                   |  1- 3 |  4- 6 |  7- 9 || total
-------------------------+-------+-------+-------++-------
Melee: Trident           |    69 |       |       ||    69
       Dagger            |    10 |    89 |   139 ||   238
       Punch             |       |       |     2 ||     2
       Tailslap          |       |       |     1 ||     1
Throw: Throwing net      |       |     1 |     1 ||     2
       Dart              |       |       |     6 ||     6
  Use: Scroll            |       |       |     6 ||     6
       Potion            |       |       |     2 ||     2
 Stab: Distracted        |     1 |       |       ||     1
       Sleeping          |     1 |       |       ||     1
       Held in net/web   |       |       |     1 ||     1
Armor: Leather armour    |    11 |       |    23 ||    34
       Ring mail         |     1 |    11 |       ||    12
       Chain mail        |       |     5 |    17 ||    22
Dodge: Dodged            |    33 |    35 |    55 ||   123
Block: Other             |     1 |     5 |    13 ||    19
